 Dungeon Sprint DCSS version 0.21-a0-338-g36cf2fc (webtiles) character file.

1785 Kidiri the Cleaver (level 8, 0/83 HPs)
             Began as a Yellow Draconian Berserker on Oct 3, 2017.
             Was a High Priest of Trog.
             Slain by a troll (3 damage)
             ... in the Dungeon (Sprint VII: "The Pits").
             The game lasted 00:06:48 (856 turns).

Kidiri the Cleaver (Yellow Draconian Berserker)      Turns: 856, Time: 00:06:48

Health: 0/83       AC:  8    Str: 22    XL:     8   Next: 81%
Magic:  2/2        EV: 18    Int: 10    God:    Trog [*****.]
Gold:   0          SH:  0    Dex: 14    Spells: 7/7 levels left

rFire    . . .     SeeInvis .   a - +0 battleaxe (antimagic)
rCold    . . .     Gourm    .   (shield currently unavailable)
rNeg     . . .     Faith    .   (armour unavailable)
rPois    .         Spirit   .   (helmet restricted)
rElec    .         Reflect  .   s - +0 cloak
rCorr    +         Harm     .   t - +0 pair of gloves
MR       .....     NoTele   +   (no boots)
Stlth    ++........             (no amulet)
HPRegen  0.23/turn              o - +3 ring of intelligence
MPRegen  0.08/turn              p - +3 ring of dexterity

@: short of breath, berserk cooldown, slowed, very slow
A: spit acid, acid resistance, unfitting armour, claws 1, stinger 1, evolution
1, cold-blooded, AC +6
a: Breathe Acid, Berserk, Trog's Hand, Brothers in Arms, Burn Spellbooks,
Renounce Religion


You were in the Dungeon.
You worshipped Trog.
Trog was extremely pleased with you.
You were not hungry.

You visited 1 branch

Inventory:

Hand Weapons
 a - a +0 antimagic battleaxe (weapon)
Armour
 s - a +0 cloak (worn)
 t - a +0 pair of gloves (worn)
Jewellery
 o - a +3 ring of intelligence (left hand)
 p - a +3 ring of dexterity (right hand)
Scrolls
 h - a scroll of blinking
 j - 3 scrolls of remove curse
 k - a scroll of summoning
Potions
 c - 8 potions of curing
 d - 9 potions of heal wounds
 e - a potion of haste
 f - 4 potions of magic
 g - 5 potions of berserk rage
 i - 2 potions of invisibility
 q - a potion of agility
Comestibles
 b - 8 bread rations
 l - 40 fruits
 m - 6 meat rations
 n - 2 chunks of flesh


   Skills:
 + Level 11.8 Fighting
 + Level 13.2 Axes
 + Level 9.9 Dodging
 + Level 1.2 Stealth


You had 7 spell levels left.
You didn't know any spells.

Dungeon Overview and Level Annotations

Branches:
Dungeon (1/1)

Altars:
Ashenzari
Cheibriados
Dithmenos
Elyvilon
Fedhas
Gozag
Hepliaklqana
Kikubaaqudgha
Makhleb
Nemelex Xobeh
Okawaru
Qazlal
Ru
Sif Muna
Trog
Uskayaw
Vehumet
Wu Jian
Xom
Yredelemnul
Zin
The Shining One
Beogh
Jiyva
Lugonu


Innate Abilities, Weirdness & Mutations

You can spit globs of acid.
You are resistant to acid.
Your golden yellow scales are hard. (AC +6)
You cannot fit into any form of body armour.
You are cold-blooded and may be slowed by cold attacks.
You have sharp fingernails.
Your tail ends in a poisonous barb.
You evolve.


Message History

Aim: a troll You spit a glob of acid.
The glob of acid hits the troll.
The troll is splashed with acid.
The acid corrodes the troll!
The troll is moderately wounded.
The troll is splashed with acid.
The acid splashes onto the manticore!
The manticore is splashed with acid.
The acid corrodes the manticore!
You feel somewhat more hungry. The manticore barely misses you.
The manticore claws you.
* * * LOW HITPOINT WARNING * * *
The manticore claws you but does no damage.
The troll barely misses you. The troll closely misses you. x2
You feel much better. The manticore barely misses you.
The manticore completely misses you. The manticore claws you!
The troll barely misses you. x2; The troll claws you but does no damage.
The manticore bites you!!
* * * LOW HITPOINT WARNING * * *
The manticore closely misses you. The manticore claws you.
* * * LOW HITPOINT WARNING * * *
The troll bites you.
You die...

______.# , ,, ______.# *
____...###########++######
######+##................#
.+)))+.##......#..#......#
######.##................++
........+................+
###+#####......#.T#......#
..).#[[##.......@H.......#
....#))#####+#####''######*
#+###))##.......##''########
....#))##.......##.((...'..+
....#..##.......##..(...'..+
##+##+###...<...##.....##H.#
.รท.....##.......##..)###
..# .......##.......##..##
..T #########.......##++#,
...


You could see a manticore and a troll.

Vanquished Creatures
  A deep troll (D)
  A hippogriff (D)
  A wraith (D)
  A hungry ghost (D)
  A floating eye (D)
  A black bear (D)
  An orc warrior (D)
  A necrophage (D)
  A sky beast (D)
  A wolf (D)
  A centaur (D)
  A quasit (D)
  A jelly (D)
  An iguana (D)
  A mummy (D)
  An adder (D)
  An ufetubus (D)
  An adder skeleton (D)
  A leopard gecko (D)
  4 orcs (D)
  A bat skeleton (D)
  2 goblins (D)
  A quokka (D)
  A frilled lizard (D)
  A kobold (D)
29 creatures vanquished.

Vanquished Creatures (collateral kills)
  A deep elf mage (D)
  A tyrant leech (D)
  A phantom (D)
  A gnoll sergeant (D)
  3 gnolls (D)
  A white imp (D)
8 creatures vanquished.

Grand Total: 37 creatures vanquished

Notes
Turn   | Place    | Note
-------+----------+-------------------------------------------
     0 | D        | Kidiri the Draconian Berserker began the quest for the Orb.
     0 | D        | Reached XP level 1. HP: 19/19 MP: 1/1
    53 | D        | Found a bloodstained altar of Trog.
    53 | D        | Found a deep blue altar of Sif Muna.
    53 | D        | Found a viscous altar of Jiyva.
    53 | D        | Found a hazy altar of Hepliaklqana.
    53 | D        | Found an opulent altar of Gozag.
    54 | D        | Found a glowing golden altar of the Shining One.
    54 | D        | Found a glowing silver altar of Zin.
    54 | D        | Found a basalt altar of Yredelemnul.
    54 | D        | Found a shimmering altar of Xom.
    54 | D        | Found an ornate altar of the Wu Jian Council.
    54 | D        | Found a sacrificial altar of Ru.
    54 | D        | Found a stormy altar of Qazlal.
    54 | D        | Found an iron altar of Okawaru.
    54 | D        | Found a sparkling altar of Nemelex Xobeh.
    54 | D        | Found a burning altar of Makhleb.
    54 | D        | Found a blossoming altar of Fedhas.
    54 | D        | Found a white marble altar of Elyvilon.
    54 | D        | Found a shadowy altar of Dithmenos.
    54 | D        | Found a snail-covered altar of Cheibriados.
    56 | D        | Found a radiant altar of Vehumet.
    56 | D        | Found a corrupted altar of Lugonu.
    56 | D        | Found a roughly hewn altar of Beogh.
    57 | D        | Found a hide-covered altar of Uskayaw.
    57 | D        | Found an ancient bone altar of Kikubaaqudgha.
    57 | D        | Found a shattered altar of Ashenzari.
    73 | D        | Noticed a floating eye
    74 | D        | Paralysed by a floating eye for 2 turns
    78 | D        | Killed a floating eye
    78 | D        | Reached skill level 6 in Axes
    78 | D        | Reached skill level 5 in Dodging
    78 | D        | Reached XP level 2. HP: 31/31 MP: 2/2
    78 | D        | Reached XP level 3. HP: 38/38 MP: 3/3
    78 | D        | Reached XP level 4. HP: 45/45 MP: 4/4
    79 | D        | Reached ** piety under Trog
   207 | D        | Noticed a black bear
   213 | D        | Killed a black bear
   213 | D        | Reached *** piety under Trog
   213 | D        | Reached skill level 7 in Axes
   213 | D        | Reached XP level 5. HP: 53/53 MP: 5/5
   274 | D        | Noticed an orc warrior
   275 | D        | Noticed a necrophage
   276 | D        | Noticed a hungry ghost
   276 | D        | Noticed a sky beast
   279 | D        | Killed a necrophage
   279 | D        | Reached skill level 8 in Axes
   279 | D        | Reached XP level 6. HP: 62/62 MP: 6/6
   280 | D        | Reached **** piety under Trog
   281 | D        | Killed an orc warrior
   281 | D        | Reached skill level 9 in Axes
   285 | D        | Killed a hungry ghost
   285 | D        | Reached skill level 10 in Axes
   285 | D        | Killed a sky beast
   285 | D        | Your scales start taking on a golden yellow colour.
   285 | D        | Reached XP level 7. HP: 71/71 MP: 7/7
   287 | D        | Reached ***** piety under Trog
   290 | D        | Reached skill level 10 in Fighting
   299 | D        | Gained mutation: You are agile. (Dex +2) [mutagenic meat]
   340 | D        | Noticed a hippogriff
   348 | D        | Killed a hippogriff
   348 | D        | Reached skill level 11 in Axes
   415 | D        | Received a gift from Trog
   436 | D        | Noticed a deep elf mage
   440 | D        | Killed a deep elf mage
   440 | D        | Reached XP level 8. HP: 68/82 MP: 8/8
   441 | D        | Received a gift from Trog
   511 | D        | Lost mutation: You are agile. (Dex +2) [potion of mutation]
   511 | D        | Gained mutation: Your mind is acute. (Int +2) [potion of mutation]
   511 | D        | Gained mutation: You have a pair of small horns on your head. [potion of mutation]
   511 | D        | Gained mutation: You passively map a small area around you. [potion of mutation]
   511 | D        | Gained mutation: Your tail ends in a poisonous barb. [potion of mutation]
   512 | D        | Lost mutation: Your mind is acute. (Int +2) [potion of mutation]
   512 | D        | Lost mutation: Your tail ends in a poisonous barb. [potion of mutation]
   512 | D        | Lost mutation: You have a pair of small horns on your head. [potion of mutation]
   512 | D        | Gained mutation: Your body sometimes deteriorates upon taking damage. [potion of mutation]
   512 | D        | Gained mutation: Scrolls take you a little longer to read. [potion of mutation]
   512 | D        | Gained mutation: You evolve. [potion of mutation]
   513 | D        | Lost mutation: Scrolls take you a little longer to read. [potion of mutation]
   513 | D        | Lost mutation: Your body sometimes deteriorates upon taking damage. [potion of mutation]
   513 | D        | Lost mutation: You passively map a small area around you. [potion of mutation]
   513 | D        | Gained mutation: You have sharp fingernails. [potion of mutation]
   513 | D        | Gained mutation: Your tail ends in a poisonous barb. [potion of mutation]
   696 | D        | Reached skill level 12 in Axes
   776 | D        | Noticed a tyrant leech
   778 | D        | Noticed a deep troll
   787 | D        | Killed a tyrant leech
   825 | D        | Noticed a manticore
   850 | D        | Noticed a troll
   852 | D        | Killed a deep troll
   852 | D        | Reached skill level 13 in Axes
   852 | D        | Reached skill level 1 in Stealth
   856 | D        | HP: 3/83 [manticore (4)]
   856 | D        | Slain by a troll

Vault maps used:
D:        pitsprint

Skill      XL: |  1  2  3  4  5  6  7  8 |
---------------+-------------------------+-----
Fighting       | 6 7 8 9 11 | 11.8
Axes           | 6 7 8 10 11 13 | 13.2
Dodging        | 5 6 8 9 |  9.9
Stealth        | 1 |  1.2

Action                   |  1- 3 |  4- 6 |  7- 9 || total
-------------------------+-------+-------+-------++-------
Melee: Hand axe          |     7 |    21 |    25 ||    53
       Tailslap          |     2 |     4 |    16 ||    22
       Battleaxe         |       |       |    36 ||    36
Invok: Berserk           |       |     2 |     2 ||     4
       Brothers in Arms  |       |       |     4 ||     4
 Abil: Breathe Acid      |       |       |     2 ||     2
  Use: Potion            |       |       |     4 ||     4
  Eat: Chunk             |       |       |     3 ||     3
       Meat ration       |       |       |     1 ||     1
Armor: Skin              |     4 |     8 |    14 ||    26
Dodge: Dodged            |     3 |    21 |    86 ||   110

Table legend:
 A = Spawn XP
 B = Non-spawn XP
 C = Spawn XP percentage of total XP
 D = Spawn monster count
 E = Non-spawn monster count
 F = Spawn count percentage of total count
 G = Total turns spent on level
                    A         B        C        D         E        F      G
               +---------+---------+-------+---------+---------+-------+---------
         Total |       0 |    2550 |   0.0 |       0 |      37 |   0.0 |   856
               +---------+---------+-------+---------+---------+-------+---------
             D |       0 |    2550 |   0.0 |       0 |      37 |   0.0 |   856
               +---------+---------+-------+---------+---------+-------+---------
